 Dungeon Crawl Stone Soup version 0.26.1-11-gd32895ea62 (console) character file.

Game seed: 12827638625064676291

262 om the Chiller (level 5, -3/28 HPs)
             Began as a Deep Elf Ice Elementalist on June 18, 2021.
             Killed by nerve-wracking pain
             ... invoked by a shadow imp
              (14 damage)
             ... on level 6 of the Dungeon.
             The game lasted 00:06:08 (2599 turns).

om the Chiller (Deep Elf Ice Elementalist)          Turns: 2599, Time: 00:06:10

Health: -3/28      AC:  2    Str:  6    XL:     5   Next: 97%
Magic:  11/13      EV: 14    Int: 20    God:
Gold:   54         SH:  0    Dex: 15    Spells: 5/12 levels left

rFire    . . .     SeeInvis .   c - +0 dagger
rCold    . . .     Faith    .   (no shield)
rNeg     . . .     Spirit   .   a - +0 robe
rPois    .         Reflect  .   (no helmet)
rElec    .         Harm     .   (no cloak)
rCorr    .         Rampage  .   (no gloves)
Will     .....                  (no boots)
Stlth    +++.......             (no amulet)
HPRegen  0.09/turn              (no ring)
MPRegen  0.13/turn              (no ring)

@: no status effects
A: no striking features
a: no special abilities


You were on level 6 of the Dungeon.
You visited 1 branch of the dungeon, and saw 5 of its levels.

You collected 54 gold pieces.

Inventory:

Hand Weapons
 c - a +0 dagger (weapon)
 h - a +0 short sword
Armour
 a - a +0 robe (worn)
Jewellery
 l - an uncursed ring of ice {unknown}
Scrolls
 b - a scroll of remove curse
 d - 5 scrolls of identify
 e - a scroll of enchant weapon {unknown}
 f - 2 scrolls of magic mapping {unknown}
 i - 3 scrolls of fog
 j - a scroll of blinking {unknown}
Potions
 g - a potion of flight {unknown}
 k - a potion of haste {unknown}


   Skills:
 + Level 0.0 Fighting
 - Level 4.0 Dodging
 - Level 5.0 Stealth
 - Level 4.0 Spellcasting
 - Level 6.0 Ice Magic


You had 5 spell levels left.
You knew the following spells:

 Your Spells              Type           Power        Failure   Level
a - Freeze                Ice            100%         1%          1
b - Frozen Ramparts       Ice            56%          3%          3
c - Ozocubu's Armour      Ice            28%          3%          3

Your spell library contained the following spells:

 Spells                   Type           Power        Failure   Level
 Hailstorm                Conj/Ice       16%          36%         4
 Summon Ice Beast         Ice/Summ       16%          36%         4


Dungeon Overview and Level Annotations

Branches:
Dungeon (6/15)
 Temple: D:4-7

Altars:
Trog

Annotations:
D:4 Grinder
D:5 Dowan, Duvessa


Message History

The shadow imp is severely wounded.
The shadow imp hits you.
You barely miss the shadow imp.
The shadow imp is severely wounded.
The shadow imp hits you.
You hit the shadow imp but do no damage.
The shadow imp is severely wounded.
The shadow imp misses you.
You hit the shadow imp.
The shadow imp is almost dead.
The shadow imp barely misses you.
Aiming: Freeze (safe; 1% risk of failure)
Press: ? - help, Q - select action, (/) - cycle Shift-Dir - straight line, f - shadow imp
Aim: a shadow imp (severely wounded)
The shadow imp resists.
You freeze the shadow imp.
The shadow imp is almost dead.
The shadow imp gestures at you. Pain shoots through your body!
Ouch! That really hurt!
You die...

#.....)รทรท.............
#..##..##.............
#..##..##.............
#..#..................
#..#..................
#..#................
#..#................
#..#................
#..#...............
#..##...(.........
####.@...........
#>5.##........
#.#+##........ #.
......... ## .......
.....


You could see a shadow imp.

Vanquished Creatures
  A centaur (D:6)
  A scorpion (D:6)
  A howler monkey (D:6)
  A bullfrog skeleton (D:6)
  An adder (D:2)
  An ooze (D:6)
  3 dart slugs (D:1)
  A leopard gecko (D:2)
  3 ball pythons
  3 giant cockroaches (D:1)
  7 goblins
  10 hobgoblins
  3 bats (D:1)
  2 frilled lizards (D:1)
  A giant cockroach zombie (D:6)
  7 kobolds (D:1)
  5 rats
51 creatures vanquished.

Vanquished Creatures (others)
  A plant (D:1)
1 creature vanquished.

Grand Total: 52 creatures vanquished

Notes
Turn   | Place    | Note
-------+----------+-------------------------------------------
     0 | D:1      | om the Deep Elf Ice Elementalist began the quest for the
                  | Orb.
     0 | D:1      | Reached XP level 1. HP: 10/10 MP: 6/6
   211 | D:1      | Reached XP level 2. HP: 15/15 MP: 8/8
   966 | D:1      | Reached XP level 3. HP: 12/19 MP: 7/9
  1097 | D:1      | Learned a level 3 spell: Frozen Ramparts
  1128 | D:1      | Reached skill level 5 in Ice Magic
  1557 | D:2      | Learned a level 3 spell: Ozocubu's Armour
  1714 | D:2      | Found a bloodstained altar of Trog.
  1717 | D:2      | You fall into a shaft and drop 2 floors!
  1718 | D:4      | Noticed Grinder
  1720 | D:4      | You fall into a shaft and drop 1 floor!
  1720 | D:5      | Entered Level 5 of the Dungeon
  1720 | D:5      | Noticed Duvessa
  1720 | D:5      | Noticed Dowan
  1997 | D:6      | Noticed a lemure
  2136 | D:6      | Noticed a scorpion
  2152 | D:6      | Noticed a centaur
  2159 | D:6      | Reached XP level 4. HP: 24/24 MP: 7/11
  2163 | D:6      | Killed a centaur
  2164 | D:6      | Reached skill level 6 in Ice Magic
  2164 | D:6      | Reached XP level 5. HP: 4/28 MP: 3/13
  2179 | D:6      | HP: 2/42 [bullfrog skeleton (4)]
  2184 | D:6      | Reached skill level 5 in Stealth
  2599 | D:6      | Killed from afar by a shadow imp

Illustrated notes

Levels and vault maps discovered:
D:1:      amcnicky_arrival_flooded_fountain, layout_rooms, serial_bayou_pond_b
D:2:      layout_loops_cross, grunt_temple_overflow_open
D:4:      layout_cave_pools, lemuel_blue_sif_altar, kennysheep_mini,
          chequers_serial_rivers_micro_c, chequers_arboretum, uniq_grinder,
          uniq_natasha, uniq_crazy_yiuf_cottage, uniq_blork_the_orc
D:5:      layout_rooms, minmay_misc_feat_cross, hex_medium, uniq_duvessa
D:6:      layout_gridville, temple_hall, uniq_pikel

Skill      XL: |  1  2  3  4  5 |
---------------+----------------+-----
Stealth        | 3 4 5 |  5.0
Ice Magic      | 5 6 |  6.0
Dodging        | 3 4 |  4.0
Spellcasting   | 4 |  4.0

Action                   |  1- 3 |  4- 6 || total
-------------------------+-------+-------++-------
Melee: Dagger            |    19 |    42 ||    61
 Cast: Freeze            |    54 |     5 ||    59
       Frozen Ramparts   |     3 |     1 ||     4
  Use: Scroll            |     3 |       ||     3
       Potion            |     1 |     2 ||     3
 Stab: Sleeping          |     2 |       ||     2
Armor: Robe              |     7 |     3 ||    10
       Skin              |       |    20 ||    20
Dodge: Dodged            |    40 |    21 ||    61
